 Dungeon Crawl Stone Soup version 0.29.1-15-g9cfb28693d (webtiles) character file.

Game seed: 7112039864214703636

2352 Descartes the Proselytiser (level 9, -4/79 HPs)
             Began as a Hill Orc Monk on Mar 9, 2023.
             Was a Follower of Beogh.
             Killed from afar by an acid dragon (31 damage)
             ... with a splash of acid
             ... on level 7 of the Dungeon.
             The game lasted 00:18:49 (10832 turns).

Descartes the Proselytiser (Hill Orc Monk)         Turns: 10832, Time: 00:18:50

Health: -4/79      AC:  8    Str: 18    XL:     9   Next: 43%
Magic:  16/16      EV:  7    Int: 10    God:    Beogh [*.....]
Gold:   400        SH:  3    Dex: 13    Spells: 8/8 levels left

rFire   . . .      SeeInvis .   o - +0 broad axe
rCold   . . .      Faith    .   b - +0 buckler
rNeg    + . .      Spirit   .   f - +0 chain mail
rPois   .          Reflect  .   n - +0 helmet
rElec   .          Harm     .   (no cloak)
rCorr   .          Rampage  .   (no gloves)
Will    .....                   j - +0 pair of boots
Stlth   ..........              (no amulet)
HPRegen 0.23/turn               D - ring of positive energy
MPRegen 0.15/turn               y - ring of wizardry

@: mighty, corroded
A: no striking features
a: Renounce Religion


You were on level 7 of the Dungeon.
You worshipped Beogh.
Beogh was aware of your devotion.
You visited 2 branches of the dungeon, and saw 8 of its levels.

You collected 400 gold pieces.

Inventory:

Hand Weapons
 a - a +0 hand axe
 o - a +0 broad axe (weapon)
 E - a +3 dire flail of freezing
 F - a +0 battleaxe
Missiles
 l - 2 javelins
 s - 3 boomerangs (quivered)
 x - 16 poisoned darts
Armour
 b - a +0 buckler (worn)
 f - a +0 chain mail (worn)
 j - a +0 pair of boots (worn)
 n - a +0 helmet (worn)
Jewellery
 y - a ring of wizardry (right hand)
 D - a ring of positive energy (left hand)
Scrolls
 d - a scroll of magic mapping {unknown}
 e - 3 scrolls of teleportation {unknown}
 g - 4 scrolls of fog {unknown}
 h - 2 scrolls of acquirement {unknown}
 i - a scroll of vulnerability {unknown}
 k - 8 scrolls of identify {unknown}
 m - a scroll of fear {unknown}
 q - 2 scrolls of blinking {unknown}
 u - a scroll of silence {unknown}
 v - 2 scrolls of poison {unknown}
 w - 2 scrolls of noise {unknown}
Potions
 c - a potion of magic {unknown}
 p - 4 potions of heal wounds {unknown}
 r - 2 potions of resistance {unknown}
 t - a potion of mutation {unknown}
 z - a potion of degeneration {unknown}
 A - 2 potions of lignification {unknown}
 B - 3 potions of curing


   Skills:
 + Level 7.5 Fighting
 + Level 8.3 Axes
 + Level 5.8 Armour
 - Level 2.4 Dodging
 - Level 1.5 Stealth
 * Level 10.1 Invocations


You had 8 spell levels left.
You didn't know any spells.
Your spell library contained the following spells:

 Spells                   Type           Power      Damage    Failure   Level
 Ensorcelled Hibernation  Hex/Ice        0%         N/A       96%         2
 Passwall                 Tmut/Erth      0%         N/A       96%         2
 Static Discharge         Conj/Air       0%         3-3/arc   96%         2
 Conjure Flame            Conj/Fire      0%         6-21      99%         3
 Gell's Gravitas          Tloc           0%         N/A       99%         3
 Ignite Poison            Fire/Tmut/Pois 0%         N/A       99%         3
 Lesser Beckoning         Tloc           0%         N/A       99%         3
 Swiftness                Air            0%         N/A       99%         3
 Teleport Other           Tloc           0%         N/A       99%         3
 Sticky Flame             Conj/Fire      0%         2d3       100%        4
 Lightning Bolt           Conj/Air       0%         1d11      100%        5
 Maxwell's Capacitive Co  Air            0%         ∞         100%        8


Dungeon Overview and Level Annotations

Branches:
Dungeon (7/15)             Temple (1/1) D:6

Altars:
Ashenzari
Cheibriados
Dithmenos
Elyvilon
Fedhas
Gozag
Hepliaklqana
Kikubaaqudgha
Makhleb
Nemelex Xobeh
Okawaru
Qazlal
Ru
Sif Muna
Uskayaw
Wu Jian
Xom
Zin
The Shining One

Shops:
D:5 *   D:6 *[:(!

Annotations:
D:7 3 runed translucent doors, Henri's ghost, novice OpVM; Pikel


Message History

The lemure hits you but does no damage.
You slash the lemure!
You kill the lemure!
That felt strangely unrewarding.
HP restored.
Done exploring.
There is an escape hatch in the floor here.
You slide downwards.
The hatch slams shut behind you.
Level annotation: 3 runed translucent doors, Henri's ghost, novice OpVM; Pikel
Found a fluorescent wand.
An acid dragon comes into view.
The acid dragon roars!
Menkaure calls on the powers of darkness!
Your body is wracked with pain!
The acid dragon convulses!
You slash Menkaure!
Menkaure is heavily damaged.
Menkaure barely misses you. The acid dragon spits acid at you.
The splash of acid misses you.
You hit Menkaure but do no damage.
Menkaure is heavily damaged.
The acid dragon spits acid at you. The splash of acid hits you!!
* * * LOW HITPOINT WARNING * * *
The acid corrodes you! Menkaure closely misses you.
You are too injured to fight recklessly!
Unknown command.
Okay, then.
You feel very mighty all of a sudden. Menkaure barely misses you.
You feel better.
You barely miss Menkaure.
Menkaure is heavily damaged.
Menkaure closely misses you.
You slash Menkaure!
You destroy Menkaure!
Beogh accepts your kill. The acid dragon spits acid at you.
The splash of acid hits you!!
You die...

.##..#..# .8#..#..#
.##..#..# . #######
...#.#..# # ..##.....#
..o#.+..### .........#
o8o#.+..... .........###
..o#.+....5 ...........#
...#o#..### ..##/..@.###
.##oh#..5.# #.....#
o8#.o#..5.# .....D.....
.##..#....# ...........#
...o#....#
.........##########8....
.........#.........####.
.........+.....#'###..#K
.........#.....#......'.
#.....#......#.


You could see an acid dragon (catching breath).

Vanquished Creatures
  Sigmund (D:2)
  A steam dragon (D:6)
  Menkaure (D:7)
  A water moccasin (D:6)
  2 ice beasts
  An orc warrior (D:6)
  An ogre (D:2)
  A centaur (D:7)
  A kobold brigand (D:7)
  A lemure (D:6)
  Blork the orc (D:4)
  2 bullfrogs (D:7)
  A necrophage (D:5)
  4 scorpions
  3 wights
  5 hounds
  A jelly (D:6)
  A quasit (D:4)
  An orc priest (D:6)
  Jessica (D:2)
  Terence (D:3)
  4 iguanas (D:5)
  4 orc wizards
  4 gnolls (D:5)
  9 adders
  8 shadow imps
  A white imp (D:6)
  2 ufetubi (D:4)
  A worm (D:4)
  A dart slug (D:1)
  15 orcs
  5 endoplasms
  3 giant cockroaches
  6 goblins
  8 hobgoblins
  8 kobolds
  8 quokkas
  8 ball pythons
  6 bats
  2 frilled lizards
  4 rats (D:1)
  A spectral goblin (D:1)
140 creatures vanquished.

Vanquished Creatures (others)
  A bullfrog (D:6)
  A wight (D:6)
  2 orc priests (D:6)
  An orc wizard (D:6)
  An orc (D:6)
  4 demonic plants (D:4)
  2 plants (D:6)
12 creatures vanquished.

Grand Total: 152 creatures vanquished

Notes
Turn   | Place    | Note
-------+----------+-------------------------------------------
     0 | D:1      | Descartes the Hill Orc Monk began the quest for the Orb.
     0 | D:1      | Reached XP level 1. HP: 19/19 MP: 1/1
   187 | D:1      | Reached skill level 1 in Invocations
   307 | D:1      | Found a faded altar of an unknown god.
   317 | D:1      | Reached XP level 2. HP: 25/27 MP: 2/2
   954 | D:1      | Reached skill level 1 in Armour
   962 | D:1      | Reached skill level 2 in Invocations
  1104 | D:1      | Reached XP level 3. HP: 31/33 MP: 4/4
  1315 | D:2      | Noticed Sigmund
  1769 | D:3      | Noticed Terence
  1826 | D:3      | Killed Terence
  1827 | D:3      | Reached skill level 3 in Invocations
  1827 | D:3      | Reached XP level 4. HP: 9/40 MP: 6/6
  2544 | D:3      | Found a blossoming altar of Fedhas.
  3327 | D:3      | Noticed an ogre
  3462 | D:2      | Reached XP level 5. HP: 33/47 MP: 7/7
  3899 | D:2      | Killed Sigmund
  3900 | D:2      | Reached skill level 5 in Axes
  3900 | D:2      | Reached skill level 4 in Invocations
  3900 | D:2      | Reached XP level 6. HP: 30/55 MP: 7/9
  4083 | D:2      | Noticed Jessica
  4086 | D:2      | Killed Jessica
  4087 | D:2      | Reached skill level 5 in Invocations
  4381 | D:2      | Reached skill level 5 in Fighting
  4942 | D:4      | Noticed Blork the orc
  4957 | D:4      | Reached XP level 7. HP: 55/61 MP: 11/11
  4970 | D:4      | Killed Blork the orc
  5239 | D:4      | Reached skill level 6 in Invocations
  5948 | D:4      | Found a hazy altar of Hepliaklqana.
  5969 | D:5      | Entered Level 5 of the Dungeon
  6006 | D:5      | Found Zin's Purification Station.
  6007 | D:5      | Found a glowing silver altar of Zin.
  6210 | D:5      | Reached skill level 7 in Invocations
  6213 | D:5      | Reached XP level 8. HP: 33/70 MP: 13/13
  7390 | D:6      | Became a worshipper of Beogh the Brigand
  7390 | D:6      | Reached * piety under Beogh
  7390 | D:6      | Reached ** piety under Beogh
  7451 | D:6      | Found a snail-covered altar of Cheibriados.
  7462 | D:6      | Found Hieniff's Distillery.
  7519 | D:6      | Reached skill level 8 in Invocations
  7519 | D:6      | Found Fuxeumyss's Antique Armour Boutique.
  7681 | D:6      | Found Qoenuun's General Store.
  8469 | D:6      | Found Eseerrea's Antique Weapon Shop.
  8598 | D:6      | Reached skill level 5 in Armour
  8859 | D:6      | Reached skill level 9 in Invocations
  8859 | D:6      | Reached XP level 9. HP: 12/77 MP: 11/15
  9570 | D:6      | Found a shimmering blue altar of Sif Muna.
  9607 | D:6      | Found a staircase to the Ecumenical Temple.
  9616 | Temple   | Entered the Ecumenical Temple
  9616 | Temple   | Found a transporter.
  9616 | Temple   | Found a transporter.
  9618 | Temple   | Found a transporter.
  9618 | Temple   | Found a transporter.
  9764 | D:6      | Found Yhunischo's Book Shoppe.
 10189 | D:7      | Found a glowing golden altar of the Shining One.
 10238 | D:7      | Reached skill level 10 in Invocations
 10370 | D:7      | Found a runed translucent gate.
 10371 | D:7      | Found a runed translucent gate.
 10371 | D:7      | Found a runed translucent gate.
 10373 | D:7      | Noticed Henri's ghost (novice OpVM)
 10374 | D:7      | Identified the +1 plate armour of Wu Jian's Generosity {rF+
                  | Int+2}
 10434 | D:7      | Noticed Pikel
 10825 | D:7      | Noticed Menkaure
 10832 | D:7      | Killed Menkaure
 10832 | D:7      | Killed from afar by an acid dragon

Illustrated notes

Levels and vault maps discovered:
D:1:      minmay_arrival_semitransparent, layout_basic,
          dreamdust_ecumenical_altar_drowned_temple, nicolae_hexahallways,
          minmay_close_crescents
D:2:      layout_basic, patterned_corridor, uniq_jessica, uniq_sigmund
D:3:      layout_basic, fedhas_altar_1, chequers_serial_rivers_room_b,
          uniq_terence
D:4:      layout_loops_ring, worldfamousw_hep_ancestral_shrine, serial_demonic,
          serial_demonic_c, serial_demonic_e, serial_demonic_d,
          serial_demonic_c, serial_demonic_a, serial_demonic_c,
          uniq_blork_the_orc
D:5:      layout_gridville, zin_purify, minmay_fractal_squares_5
D:6:      layout_basic, lemuel_tele_altar, kennysheep_little_box,
          minmay_temple_entry_wispy, serial_shops, kennysheep_mini_moat,
          nicolae_shop_waterfront, shop_statue, nicolae_shop_overgrown_old_shop,
          shop
D:7:      layout_gridville, mainiacjoe_overflow_alcove_4,
          biasface_ghost_orc_armoury, uniq_pikel, uniq_menkaure,
          uniq_prince_ribbit1
Temple:   hellmonk_temple_divided_pantheon

Skill      XL: |  1  2  3  4  5  6  7  8  9 |
---------------+----------------------------+-----
Invocations    | 1 2 3 4 5 7 9 10 | 10.1
Armour         | 1 2 3 5 |  5.8
Fighting       | 4 5 7 |  7.5
Axes           | 5 6 7 8 |  8.3
Dodging        | |  2.4
Stealth        | |  1.5

Action                   |  1- 3 |  4- 6 |  7- 9 || total
-------------------------+-------+-------+-------++-------
Melee: Hand axe          |   154 |   147 |    16 ||   317
       Punch             |       |     1 |       ||     1
       Broad axe         |       |       |   329 ||   329
Invok: Smiting           |       |       |     1 ||     1
       Convert to Beogh  |       |       |     1 ||     1
  Use: Potion            |       |     3 |     3 ||     6
 Stab: Sleeping          |     6 |       |       ||     6
Armor: Robe              |    36 |       |       ||    36
       Leather armour    |    10 |    25 |       ||    35
       Chain mail        |       |    10 |   272 ||   282
Dodge: Dodged            |   126 |    90 |   149 ||   365
Block: Buckler           |       |     4 |    59 ||    63
